Map: Dusk Towers

Players

lesha - Winner!

  • Race: Terran Terran
  • League: Silver

StranaOz

  • Race: Zerg Zerg
  • League: Gold

VOD

Have the link to the VOD?

Description

Time

  • Played on: Dec. 30, 2015, 8:21 a.m.
  • Length: 15:17
Show
View Real Time Build Order
Export as new Build Order

lesha Terran - Winner!

Build Orders: MMM Bio 

Get SALT Encoding   

  12  0:01  SCV  
  13  0:13  SCV  
  14  0:18  Supply Depot  
  14  0:25  SCV  
  15  0:39  SCV  
  15  0:41  Barracks  
  16  0:46  Refinery  
  16  0:51  SCV  
  17  1:03  SCV  
  18  1:16  SCV  
  19  1:28  SCV  
  19  1:31  Command Center  
  20  1:41  Orbital Command  
  20  1:53  Supply Depot  
  20  2:07  Barracks Reactor  
  20  2:09  SCV  
  20  2:12  Refinery  
  21  2:19  Factory  
  21  2:21  SCV  
  22  2:31  Barracks  
  22  2:33  SCV  
  23  2:44  Marine  
  23  2:45  SCV, Marine  
  26  2:53  Barracks  
  26  2:56  Orbital Command  
  26  3:00  SCV  
  27  3:05  Factory Tech Lab  
  27  3:10  Marine x2  
  29  3:18  Barracks Reactor  
  29  3:23  SCV x2  
  31  3:32  Marine x2  
  33  3:35  SCV x2  
  35  3:47  SCV x2  
  37  3:50  Barracks Reactor, Supply Depot  
  37  3:51  Barracks Tech Lab  
  37  3:56  Engineering Bay  
  37  3:57  Marine  
  37  3:58  Marine  
  37  3:59  SCV x2, Marine  
  37  4:00  Marine  
  43  4:11  SCV x2  
  43  4:12  Starport  
  45  4:17  Stimpack  
  45  4:19  Marine x2  
  45  4:20  Marine  
  48  4:31  Marine x2  
  48  4:35  SCV x2  
  52  4:41  Factory Reactor  
  52  4:42  Terran Infantry Weapons Level 1  
  52  4:47  SCV x2  
  54  4:57  Supply Depot  
  54  4:58  Supply Depot  
  54  5:19  SCV x2, Marine x4  
  60  5:21  Marine  
  60  5:27  Medivac x2  
  65  5:34  Command Center  
  65  5:36  Marine  
  65  5:37  Barracks, Marine x3  
  69  5:44  Marine  
  70  6:00  Marine x2  
  72  6:04  Supply Depot  
  72  6:05  Supply Depot  
  72  6:06  Supply Depot  
  72  6:07  Supply Depot  
  72  6:08  Marine  
  72  6:09  Engineering Bay, Marine x2  
  75  6:12  Armory  
  75  6:18  Combat Shields  
  75  6:19  Medivac  
  75  6:20  Medivac  
  75  6:21  Marine x2  
  75  6:24  Barracks  
  82  6:26  Marine  
  82  6:27  Barracks Reactor  
  82  6:28  Marine x2  
  84  6:35  SCV  
  84  6:36  SCV  
  86  6:40  Refinery  
  86  6:42  Refinery  
  86  6:44  Marine x3  
  86  6:46  Marine x2  
  91  6:48  SCV x2  
  92  7:23  Liberator x2  
  92  7:26  Marine x3  
  92  7:27  Marine x4  
  80  7:30  Barracks Reactor  
  80  7:42  Siege Tank  
  89  7:44  Marine x4  
  89  7:45  Marine x3  
  89  7:47  Terran Infantry Weapons Level 2  
  96  7:55  SCV x2  
  98  8:02  Marine  
  98  8:05  Command Center  
  99  8:07  SCV x2, Orbital Command  
  99  8:08  Marine x4  
  99  8:09  Marine x3  
  99  8:10  Marauder  
  110  8:19  SCV x2  
  112  8:20  Marine  
  112  8:23  Medivac x2  
  112  8:24  Siege Tank  
  112  8:26  Marine  
  121  8:31  Marauder  
  121  8:32  SCV x2  
  124  8:50  SCV x3  
  124  8:52  Marine x2  
  124  8:53  Marine x4  
  133  9:01  Marine x2  
  133  9:02  SCV x2, Marauder  
  139  9:03  SCV  
  140  9:10  Marine x2  
  134  9:23  Marauder  
  102  9:37  Marine  
  102  9:38  Marine x6  
  98  9:39  Marine  
  98  9:44  Marauder, Medivac x2  
  107  9:55  Marine  
  107  9:56  Marine x4  
  107  9:58  Marine  
  107  9:59  Marine x2  
  109  10:05  Marine  
  107  10:13  Marine x3  
  107  10:14  Medivac, Marine x2  
  110  10:16  Marine x2  
  110  10:17  Marine  
  112  10:42  Marine x6  
  106  10:43  Marine x3  
  94  10:59  Marine  
  94  11:00  Marine x7  
  94  11:01  Marine  
  94  11:02  Siege Tank  
  106  11:17  Marine x2  
  106  11:18  Marine x4  
  108  11:24  Marine x3  
  101  11:34  Siege Tank  
  101  11:35  Marine x3  
  101  11:36  Marine x2  
  100  11:48  Marine x4  
  100  11:53  Command Center, Marine x4  
  100  11:54  Marine  
  106  12:06  Siege Tank, Marine x4  
  106  12:07  Medivac x2  
  117  12:11  Marine x4  
  120  12:16  Barracks  
  120  12:17  Barracks x2  
  120  12:18  Command Center, SCV x3, Barracks  
  120  12:22  Barracks  
  123  12:24  Marine x3  
  123  12:29  Command Center  
  126  12:30  SCV x3  
  126  12:36  Marine x4  
  133  12:37  Medivac, Marine  
  133  12:42  SCV x3  
  139  12:49  Marine x3  
  139  12:50  Marine  
  143  12:54  SCV x2, Marine x3  
  143  12:55  SCV  
  149  13:07  Barracks  
Show
View Real Time Build Order
Export as new Build Order

StranaOz Zerg 

Build Orders: Hatch First 

Get SALT Encoding   

  12  0:01  Drone  
  13  0:13  Overlord  
  14  0:21  Drone  
  14  0:45  Drone  
  14  0:47  Hatchery  
  14  0:54  Drone  
  15  1:07  Spawning Pool  
  14  1:15  Drone  
  14  1:16  Drone  
  16  1:25  Drone  
  17  1:31  Drone  
  18  1:41  Drone, Extractor  
  18  1:54  Queen  
  21  2:01  Zergling x2  
  21  2:05  Queen  
  21  2:06  Zergling x2  
  24  2:08  Drone  
  24  2:13  Drone x2  
  27  2:21  Overlord  
  27  2:22  Drone  
  28  2:36  Overlord x2  
  28  2:42  Drone  
  28  2:43  Drone  
  30  2:50  Lair  
  30  2:52  Queen  
  32  2:59  Drone x2  
  34  3:09  Drone  
  34  3:10  Drone x3  
  38  3:20  Drone  
  38  3:21  Drone x3  
  42  3:28  Metabolic Boost, Extractor  
  42  3:31  Drone x2  
  43  3:40  Roach Warren  
  42  3:50  Extractor  
  42  3:52  Extractor  
  40  3:57  Drone x3  
  40  3:58  Drone x2  
  44  4:21  Hatchery  
  44  4:22  Roach x4  
  51  4:26  Overlord x3  
  51  4:44  Drone x3  
  51  4:45  Drone x3  
  57  4:51  Spore Crawler  
  56  5:08  Hatchery  
  56  5:09  Evolution Chamber  
  56  5:12  Evolution Chamber  
  53  5:16  Spore Crawler, Drone  
  53  5:17  Drone x3  
  56  5:35  Zerg Ground Armor Level 1  
  56  5:37  Hydralisk Den  
  55  5:45  Drone  
  55  5:46  Drone x5  
  55  5:47  Drone x2  
  63  5:55  Queen  
  65  5:59  Zerg Missile Weapons Level 1  
  65  6:12  Overseer  
  65  6:15  Overlord x2, Nydus Network  
  65  6:16  Drone x3  
  67  6:20  Drone x3  
  67  6:24  Spine Crawler  
  69  6:29  Hydralisk x4  
  69  6:30  Hydralisk x2  
  81  6:37  Extractor  
  80  6:42  Muscular Augments  
  80  6:50  Spire  
  80  6:53  Hydralisk x3  
  82  7:11  Hydralisk x3  
  88  7:58  Drone x2  
  88  7:59  Drone x4  
  88  8:00  Drone x4  
  88  8:03  Mutalisk x2  
  88  8:05  Overlord x4  
  102  8:06  Overlord x2  
  102  8:10  Nydus Canal  
  102  8:22  Zerg Ground Armor Level 2  
  102  8:23  Zerg Missile Weapons Level 2  
  102  8:33  Infestation Pit  
  98  8:36  Roach  
  98  8:37  Roach x6  
  98  8:38  Roach x5, Extractor  
  98  8:39  Roach x3  
  127  8:47  Roach  
  129  8:50  Spore Crawler  
  128  8:57  Mutalisk  
  128  8:58  Mutalisk  
  132  9:08  Roach x2  
  112  9:27  Roach x5  
  112  9:28  Roach x6  
  94  9:41  Roach x4  
  94  9:42  Roach x2  
  86  10:01  Roach x6  
  86  10:02  Roach  
  90  10:10  Overseer  
  86  10:14  Roach x4  
  86  10:15  Roach x2  
  88  10:26  Zergling x10  
  88  10:27  Zergling x6  
  81  10:29  Zerg Flyer Armor Level 1  
  72  10:36  Mutalisk x3  
  59  10:50  Roach x3  
  59  10:51  Roach x3  
  59  10:56  Roach x4  
  68  11:05  Roach x2  
  68  11:06  Roach x2  
  68  11:07  Roach  
  68  11:47  Zergling x4  
  68  11:48  Zergling x12  
  68  11:49  Hatchery, Zergling x4  
  77  12:00  Roach  
  77  12:01  Roach  
  79  12:17  Hatchery  
  78  12:37  Roach x3  
  78  12:38  Roach x6  
  96  12:44  Glial Reconstitution  
  96  13:04  Hydralisk  
  96  13:05  Hydralisk  
Tags
 
Composition
MMM Bio
Matchup
TvZ
Add a new tag
Caveats
  • Supply blocks, unpowered buildings, or Contaminate may cause inaccurate times.
  • Supply counts are checked every 10 seconds.